[Event "Early-Titled-Tuesday-Blitz-August-29-2023"]
[Site "Chess.com"]
[Date "2023.08.29"]
[Round "3"]
[White "Kotofeyca"]
[Black "astralpulse"]
[Result "0-1"]
[WhiteElo "2435"]
[BlackElo "2628"]
[TimeControl "180+1"]
[EndTime "8:28:28 PDT"]
[Termination "astralpulse won by checkmate"]

1. d4 d6 2. c4 e5 3. dxe5 dxe5 4. Qxd8+ Kxd8 5. Nc3 c6 6. b3 Be6 7. Bb2 Nd7 8. g3 Kc7 9. O-O-O a5 10. Nf3 f6 11. h4 Nh6 12. Bh3 Ng4 13. Ne4 h5 14. Nh2 Re8 15. Nxg4 hxg4 16. Bg2 Nc5 17. Rd2 a4 18.
Nxc5 Bxc5 19. e3 Bb4 20. Rd3 Bf5 21. e4 Be6 22. Rhd1 Ra8 23. Bf1 axb3 24. axb3 Ra2 25. Kb1 Rha8 26. Be2 Bc5 27. Rf1 Bd4 28. Rd2 c5 29.
Kc1 Kc6 30. Bd3 R2a6 31. Bb1 Rb6 32. Bc2 Rb4 33. Kb1 b5 34. cxb5+ Rxb5 35. Rc1 Bxb3 36. Bd3 Ba2+ 37. Ka1 Bc4+ 38. Kb1 Bxd3+ 39. Rxd3 Rxb2# 0-1

[Event "Early-Titled-Tuesday-Blitz-August-29-2023"]
[Site "Chess.com"]
[Date "2023.08.29"]
[Round "3"]
[White "jcibarra"]
[Black "ahkashefi2800"]
[Result "1-0"]
[WhiteElo "2877"]
[BlackElo "2577"]
[TimeControl "180+1"]
[EndTime "8:28:29 PDT"]
[Termination "jcibarra won by checkmate"]

1. e4 c6 2. Nf3 d5 3. d3 Bg4 4. h3 Bxf3 5. Qxf3 dxe4 6. dxe4 Nd7 7. g3 Ngf6 8. Bg2 e5 9. O-O Bc5 10. a4 O-O 11. Nd2 a5 12. Nc4 Qe7 13. Qe2 Rfd8 14. Bd2 Bb4 15. c3 Bc5 16. Kh2 Nb6 17.
Ne3 Qe6 18. Nf5 g6 19. Nh6+ Kg7 20. Bg5 Rd6 21. Qc2 Rad8 22. Bf3 Rf8 23. Rad1 Ng8 24. Bg4 Qc4 25. b3 Qxf1 26. Rxf1 Nxh6 27. Be7 Nxg4+ 28. hxg4 Nd7 29. Bxd6 Bxd6 30. Rd1 Nf6 31. Rxd6 Nxg4+ 32. Kg2 h5 33. Qd2 f6 34. Rd8 Rf7 35. Rd7 f5 36.
Rxf7+ Kxf7 37. exf5 gxf5 38. Qd7+ Kf6 39. Qxb7 e4 40. Qxc6+ Kg5 41. Qb6 Ne5 42. Qxa5 Nf3 43. Qd8+ Kg6 44. a5 h4 45. gxh4 Kh5 46. a6 Nxh4+ 47.
Kh3 Nf3 48. a7 Ng1+ 49. Kg2 Nf3 50. a8=Q Kg4 51. Qg8+ Kf4 52. Qab8+ Ne5 53. Qg3# 1-0

[Event "Early-Titled-Tuesday-Blitz-August-29-2023"]
[Site "Chess.com"]
[Date "2023.08.29"]
[Round "3"]
[White "Kaua18"]
[Black "cottage_cheese"]
[Result "1-0"]
[WhiteElo "2484"]
[BlackElo "2281"]
[TimeControl "180+1"]
[EndTime "8:28:29 PDT"]
[Termination "Kaua18 won by checkmate"]

1. e4 e5 2. Nf3 Nc6 3. Bc4 Bc5 4.
d4 Bxd4 5. O-O Nf6 6. Nxd4 exd4 7. e5 d5 8. exf6 dxc4 9. fxg7 Rg8 10. Re1+ Be6 11.
Bh6 Qf6 12. Qh5 O-O-O 13. Nd2 Rd5 14. Ne4 Qxf2+ 15. Kxf2 Rxh5 16. Bf4 Rxg7 17. h3 Rf5 18. g3 h5 19. h4 Ne5 20. Ng5 Ng4+ 21. Kg2 Bd5+ 22.
Kh3 f6 23. Ne6 Bxe6 24. Rxe6 Nf2+ 25. Kh2 Ng4+ 26. Kh3 Nf2+ 27. Kh2 Ng4+ 28. Kg1 Ne3 29. Kf2 Nd5 30. Re4 Nxf4 31. gxf4 Rg4 32. Kf3 c5 33. Rae1 Rxh4 34. Re8+ Kc7 35. R8e7+ Kb6 36. R1e6+ Kb5 37. Rxb7+ Ka5 38. Rxa7+ Kb5 39. a4+ Kb4 40. Rb6# 1-0

[Event "Early-Titled-Tuesday-Blitz-August-29-2023"]
[Site "Chess.com"]
[Date "2023.08.29"]
[Round "3"]
[White "CSB7"]
[Black "Flaccidmoves"]
[Result "1/2-1/2"]
[WhiteElo "2695"]
[BlackElo "2480"]
[TimeControl "180+1"]
[EndTime "8:28:30 PDT"]
[Termination "Game drawn by repetition"]

1. e4 g6 2. d4 Bg7 3. Nf3 d6 4. Bc4 e6 5. Bb3 Ne7 6. O-O O-O 7. Nc3 b6 8. Ne2 d5 9. e5 Ba6 10. c3 c5 11. Re1 Bxe2 12. Qxe2 Nbc6 13. Rd1 Nf5 14. Kh1 h5 15. h3 cxd4 16. cxd4 Na5 17. Bc2 Rc8 18. g4 hxg4 19. hxg4 Nh6 20. Bg5 Qd7 21.
Bxh6 Bxh6 22. g5 Bg7 23. Kg2 Nc4 24. Bd3 Rc7 25. Rh1 Rfc8 26. Rh4 Na5 27. Qe3 Nc4 28. Bxc4 Rxc4 29. Rah1 Rc2 30. Qf4 Rxb2 31. Qf6 Bxf6 32.
exf6 Rxf2+ 33. Kxf2 Rc2+ 34. Kg3 Qd6+ 35. Ne5 Qa3+ 36.
Nf3 Qd6+ 37. Ne5 Qa3+ 38. Nf3 Qd6+ 1/2-1/2

[Event "Early-Titled-Tuesday-Blitz-August-29-2023"]
[Site "Chess.com"]
[Date "2023.08.29"]
[Round "3"]
[White "wqws"]
[Black "Haykoooo0o"]
[Result "1-0"]
[WhiteElo "2647"]
[BlackElo "2439"]
[TimeControl "180+1"]
[EndTime "8:28:31 PDT"]
[Termination "wqws won by resignation"]

1. e4 e6 2. d4 d5 3. Nc3 Bb4 4. e5 c5 5. a3 Bxc3+ 6. bxc3 Qa5 7. Bd2 Qa4 8. Nf3 Ne7 9. Bd3 c4 10. Be2 Nd7 11. O-O Nb6 12. Ng5 h6 13. Nh3 Bd7 14. Nf4 g6 15. Qb1 O-O-O 16. Rc1 Nc6 17. Bf3 Kb8 18.
Ne2 Rdf8 19. Qa2 f5 20. Rcb1 g5 21. Rb4 Nxb4 22. cxb4 Qc6 23. Nc3 Na4 24. b5 Nxc3 25. bxc6 Nxa2 26. cxd7 c3 27. Be1 Rf7 28. Rxa2 Rxd7 29.
Bxc3 Rc8 30. Bb4 b6 31. Be2 Kb7 32. a4 a6 33. a5 b5 34. Bc5 Rxc5 35. dxc5 Rc7 36.
Bd3 Rxc5 37. g3 Kc6 38. f4 g4 39. Kf2 Rc3 40. Ke3 Kc5 41. Kd2 d4 42. Ra1 Kd5 43. h3 h5 44. hxg4 hxg4 45. Rh1 Ra3 46. Rh8 Rxa5 47. Rd8+ Kc5 48. Rd6 Ra1 49. Rxe6 Rg1 50. Bxf5 Rxg3 51. Rg6 Rg2+ 52. Kc1 g3 53. e6 Kd6 54.
Bd3 Rf2 55. f5 g2 56. Kb2 b4 57. Be4 d3 58. Bxd3 a5 59. Be4 a4 60. Rxg2 Rf4 61. Bd3 Rf3 62. Re2 Ke7 63. Re4 b3 64. Rxa4 bxc2 65.
Bxc2 1-0

[Event "Early-Titled-Tuesday-Blitz-August-29-2023"]
[Site "Chess.com"]
[Date "2023.08.29"]
[Round "3"]
[White "borocotoajua"]
[Black "ChesscularGodofchess"]
[Result "0-1"]
[WhiteElo "2343"]
[BlackElo "2195"]
[TimeControl "180+1"]
[EndTime "8:28:32 PDT"]
[Termination "ChesscularGodofchess won on time"]

1. d4 d5 2. Nf3 Nf6 3. c4 c6 4.
g3 g6 5. Bg2 Bg7 6. Nc3 dxc4 7.
O-O O-O 8. h3 a5 9. e4 Na6 10.
Qe2 Be6 11. Ng5 Qc8 12. a3 Rd8 13. Rd1 b5 14. d5 cxd5 15. exd5 Bf5 16. Qxe7 Rd7 17.
Qe2 Bd3 18. Qf3 h6 19. Nge4 Nxe4 20. Nxe4 f5 21. Nc3 Nc5 22. d6 Rb8 23. Qd5+ Kh7 24. Be3 Nb3 25. Nxb5 Nxa1 26. Rxa1 Rxb5 27. Qxb5 Rxd6 28.
Rd1 Qd8 29. h4 c3 30. Qb7 cxb2 0-1

[Event "Early-Titled-Tuesday-Blitz-August-29-2023"]
[Site "Chess.com"]
[Date "2023.08.29"]
[Round "3"]
[White "the_drake"]
[Black "Henryk_S"]
[Result "1-0"]
[WhiteElo "2408"]
[BlackElo "2117"]
[TimeControl "180+1"]
[EndTime "8:28:34 PDT"]
[Termination "the_drake won on time"]

1. e4 e6 2. d4 d5 3. e5 c5 4.
dxc5 Nc6 5. f4 Bxc5 6. Nf3 Qb6 7. Bd3 Bf2+ 8. Kf1 Bc5 9. g3 f6 10. Kg2 Bd7 11. Nc3 Be7 12. Qe2 Nh6 13. f5 fxe5 14.
Bxh6 gxh6 15. Nxe5 Nxe5 16. Qxe5 O-O-O 17. f6 Bd6 18.
Qh5 Rdf8 19. Rhf1 Bc6 20. Qxh6 e5 21. Bf5+ Kb8 22. Be6 d4+ 23. Nd5 Qc5 24. c4 dxc3 25. Rad1 c2 26. Rd3 Bc7 27. Kh3 Rd8 28. b4 Qd6 29. Nxc7 1-0

[Event "Early-Titled-Tuesday-Blitz-August-29-2023"]
[Site "Chess.com"]
[Date "2023.08.29"]
[Round "3"]
[White "sorch29"]
[Black "PattyCastillo"]
[Result "1-0"]
[WhiteElo "2362"]
[BlackElo "1931"]
[TimeControl "180+1"]
[EndTime "8:28:34 PDT"]
[Termination "sorch29 won on time"]

1. d4 d5 2. c4 c6 3. cxd5 cxd5 4. Nc3 Nf6 5. Bf4 Nc6 6. e3 a6 7. Bd3 Bg4 8. Nge2 e6 9. a3 Bd6 10. Bg5 h6 11. Bh4 Qb6 12. b4 Rc8 13. f3 g5 14.
Bg3 Bxg3+ 15. hxg3 Bh5 16. Qc2 Ke7 17. g4 Bxg4 18.
fxg4 Nxg4 19. Kd2 h5 20. Rac1 h4 21. Na4 Qc7 22. Rcf1 Qd6 23. Qc5 f5 24. Qxd6+ Kxd6 25. Nc5 Rc7 26. Ng1 Re7 27. Nf3 Rg8 28. Rb1 Nf6 29.
b5 axb5 30. Rxb5 g4 31. Nxh4 1-0

[Event "Early-Titled-Tuesday-Blitz-August-29-2023"]
[Site "Chess.com"]
[Date "2023.08.29"]
[Round "3"]
[White "MITerryble"]
[Black "krzyzan94"]
[Result "0-1"]
[WhiteElo "2939"]
[BlackElo "2761"]
[TimeControl "180+1"]
[EndTime "8:28:36 PDT"]
[Termination "krzyzan94 won by resignation"]

1. d4 Nf6 2. Nf3 d5 3. c4 e6 4. e3 c5 5. dxc5 Bxc5 6. a3 a5 7. Nc3 O-O 8. Be2 Nc6 9. O-O dxc4 10. Qc2 Qe7 11. Bxc4 h6 12. b3 e5 13. Bb2 e4 14.
Nd2 Bf5 15. Nd5 Nxd5 16. Bxd5 Rad8 17. Bxc6 bxc6 18. Qc3 f6 19. Qxa5 Rd5 20. Qc3 Rfd8 21. Nc4 Rd3 22. Qc2 Ba7 23. Rac1 Bb8 24. b4 Kh7 25. Bd4 Qf7 26. f4 exf3 27. Rxf3 Be4 28.
Qe2 Qh5 29. h3 f5 30. Rcf1 Bxf3 31. Qxd3 Be2 32. Qxf5+ Qxf5 33. Rxf5 Bxc4 34. Rf7 Bxf7 0-1

[Event "Early-Titled-Tuesday-Blitz-August-29-2023"]
[Site "Chess.com"]
[Date "2023.08.29"]
[Round "3"]
[White "Arseniy_Nesterov"]
[Black "SRob2003"]
[Result "1/2-1/2"]
[WhiteElo "2861"]
[BlackElo "2628"]
[TimeControl "180+1"]
[EndTime "8:28:36 PDT"]
[Termination "Game drawn by agreement"]

1. d4 Nf6 2. c4 e6 3. Nf3 d5 4. g3 Be7 5. Bg2 O-O 6. O-O dxc4 7.
Qc2 a6 8. a4 Bd7 9. Qxc4 Bc6 10. Bf4 Bd6 11. Qc1 a5 12. Re1 Na6 13. Nc3 Nb4 14. Nb5 Bxf4 15. gxf4 Bxf3 16. Bxf3 c6 17. Na3 Qxd4 18. Rd1 Qa7 19. Nc4 Rad8 20. Qc3 Qc5 21.
Ne5 Qxc3 22. bxc3 Nbd5 23. Rdb1 Rb8 24. Rb3 Nxf4 25. Rab1 N4d5 26. Nxc6 Rbc8 27. Nxa5 Ra8 28. Nxb7 Rxa4 29. Nd6 Ra6 30. Ne4 Nxe4 31. Bxe4 Rc6 32. Rc1 Rfc8 33. c4 Kf8 34. Rd1 Rxc4 35. Bxd5 exd5 36.
Rxd5 Rg4+ 37. Rg3 Rxg3+ 38. hxg3 1/2-1/2

[Event "Early-Titled-Tuesday-Blitz-August-29-2023"]
[Site "Chess.com"]
[Date "2023.08.29"]
[Round "3"]
[White "Eternauta2400"]
[Black "Jospem"]
[Result "0-1"]
[WhiteElo "2801"]
[BlackElo "3053"]
[TimeControl "180+1"]
[EndTime "8:28:37 PDT"]
[Termination "Jospem won by resignation"]

1. c4 c5 2. Nf3 Nc6 3. d4 cxd4 4. Nxd4 Qb6 5. Nb3 Nf6 6. Nc3 e6 7. g3 Ne5 8. e4 Bb4 9. Qe2 d6 10. Bg2 Qc7 11. Nd2 Bd7 12. O-O Rc8 13. Nb5 Bxb5 14. cxb5 O-O 15. a3 Ba5 16. Nb3 Bb6 17.
a4 Qc2 18. Qxc2 Rxc2 19. a5 Bc5 20. Nxc5 dxc5 21. b3 Nd3 22. Ba3 Ng4 23. e5 b6 24.
Be4 Rd2 25. Rfd1 Rxd1+ 26. Rxd1 Ndxf2 27. Re1 Rd8 28. Bf3 Nd3 29. Rd1 Ngxe5 30. Be2 Rd5 31. Bf1 Nf3+ 32. Kg2 Nde1+ 0-1

[Event "Early-Titled-Tuesday-Blitz-August-29-2023"]
[Site "Chess.com"]
[Date "2023.08.29"]
[Round "3"]
[White "ChessicallyInclined"]
[Black "GMBenjaminBok"]
[Result "0-1"]
[WhiteElo "2717"]
[BlackElo "2913"]
[TimeControl "180+1"]
[EndTime "8:28:37 PDT"]
[Termination "GMBenjaminBok won by resignation"]

1. e4 c5 2. Nf3 d6 3. d4 cxd4 4.
Nxd4 Nf6 5. Nc3 a6 6. Be2 e5 7. Nb3 Be7 8. Be3 Be6 9. Nd5 Nbd7 10. Qd3 O-O 11. O-O Bxd5 12. exd5 Rc8 13. c4 a5 14. Kh1 g6 15. Rae1 Ne8 16. f4 Ng7 17. fxe5 Nxe5 18. Qc3 Bf6 19. Nxa5 Nf3 20. Qb4 Nxe1 21. Rxe1 Re8 22.
Bf2 Qc7 23. Bf3 Rxe1+ 24. Bxe1 Re8 25. Bf2 Ra8 26. Bb6 Qe7 27. g3 Nf5 28. Bf2 Bd4 29. Be1 Qe3 30. Kg2 b6 31. Nb3 Rxa2 32. Nxd4 Qxd4 33.
Bc3 Qxc4 34. Qxc4 Ne3+ 35. Kf2 Nxc4 0-1

[Event "Early-Titled-Tuesday-Blitz-August-29-2023"]
[Site "Chess.com"]
[Date "2023.08.29"]
[Round "3"]
[White "angryspacevoid"]
[Black "XDPS"]
[Result "1-0"]
[WhiteElo "2530"]
[BlackElo "2841"]
[TimeControl "180+1"]
[EndTime "8:28:37 PDT"]
[Termination "angryspacevoid won on time"]

1. e4 c5 2. c3 d5 3. exd5 Qxd5 4.
d4 Nf6 5. Nf3 e6 6. Na3 a6 7.
Be3 cxd4 8. Bxd4 Nbd7 9. Nc4 b5 10. Nce5 Bb7 11. Be2 Be7 12. Qc2 Nxe5 13. Bxe5 O-O 14.
Rd1 Qc6 15. O-O Rad8 16. Qc1 h6 17. Qf4 Rxd1 18. Rxd1 Rd8 19. Rxd8+ Bxd8 20. Bf1 Qd5 21. Bd4 Nd7 22. a3 f6 23. Be3 e5 24. Qg4 Qf7 25. Nh4 h5 26. Qf5 Nf8 27. Bd3 Bd5 28. h3 Be6 29. Qe4 Bd5 30. Qf5 Be6 31. Qf3 Be7 32.
Nf5 Bxf5 33. Bxf5 g6 34. Be4 Kg7 35. Bc2 Qe6 36. Qb7 Qd6 37. b4 Ne6 38. Bb3 Nd8 39.
Qa7 Nc6 40. Qxa6 Qc7 41. Qxb5 Nd8 42. Qd5 1-0

[Event "Early-Titled-Tuesday-Blitz-August-29-2023"]
[Site "Chess.com"]
[Date "2023.08.29"]
[Round "3"]
[White "Colombiano07"]
[Black "only_strong_moves"]
[Result "0-1"]
[WhiteElo "2385"]
[BlackElo "2520"]
[TimeControl "180+1"]
[EndTime "8:28:37 PDT"]
[Termination "only_strong_moves won by resignation"]

1. d4 Nf6 2. c4 e6 3. Nc3 Bb4 4. e3 d5 5. Ne2 c5 6. a3 Bxc3+ 7. Nxc3 cxd4 8. exd4 O-O 9. Bg5 h6 10.
Bxf6 Qxf6 11. cxd5 exd5 12. Nxd5 Qg5 13. Ne3 Re8 14.
Be2 f5 15. O-O f4 16. Nc4 Nc6 17. Bf3 Be6 18. Bxc6 bxc6 19. Ne5 Rad8 20. Nf3 Qg6 21. Qc1 Bh3 22. Nh4 Qg5 23. Qxc6 Bd7 24. Qc4+ Be6 25. d5 Bxd5 26. Nf3 Bxc4 27. Nxg5 Bxf1 0-1

[Event "Early-Titled-Tuesday-Blitz-August-29-2023"]
[Site "Chess.com"]
[Date "2023.08.29"]
[Round "3"]
[White "realburq"]
[Black "cristiano78"]
[Result "1-0"]
[WhiteElo "2427"]
[BlackElo "2228"]
[TimeControl "180+1"]
[EndTime "8:28:39 PDT"]
[Termination "realburq won by resignation"]

1. e4 c5 2. Nc3 d6 3. Bc4 a6 4. a4 Nc6 5. d3 g6 6. Nge2 Bg7 7. h4 h5 8. Bg5 Nf6 9. Nf4 Bg4 10. f3 Bd7 11.
Qd2 Nd4 12. Ncd5 b5 13. Ba2 O-O 14. Nxg6 e6 15. Nxf6+ Bxf6 16. Nxf8 Kxf8 17. c3 Nc6 18. Qf4 Bxg5 19. hxg5 Ne5 20. Ke2 Ng6 21. Qf6 Qxf6 22. gxf6 h4 23. Bb3 e5 24. axb5 Bxb5 25. Bd5 Rb8 26.
c4 Bd7 27. Rhb1 Nf4+ 28. Kd2 Kg8 29. Rxa6 Kh8 30. Rxd6 Bc8 31. Bxf7 Kh7 32. Bd5 Kg6 33. f7+ Kg7 34. Rd8 1-0

[Event "Early-Titled-Tuesday-Blitz-August-29-2023"]
[Site "Chess.com"]
[Date "2023.08.29"]
[Round "3"]
[White "hitaman"]
[Black "vladislavkovalev"]
[Result "0-1"]
[WhiteElo "2701"]
[BlackElo "2910"]
[TimeControl "180+1"]
[EndTime "8:28:40 PDT"]
[Termination "vladislavkovalev won on time"]

1. e4 e5 2. Nf3 Nc6 3. Nc3 Nf6 4. d4 exd4 5. Nxd4 Bb4 6. Nxc6 bxc6 7. Bd3 O-O 8. O-O d5 9. Bd2 Bg4 10. f3 Bh5 11.
Nxd5 Nxd5 12. exd5 Bc5+ 13. Kh1 cxd5 14. Re1 Qd6 15.
Qe2 f6 16. Qe6+ Qxe6 17. Rxe6 Rfe8 18. Rae1 Rxe6 19. Rxe6 Re8 20. Rxe8+ Bxe8 21. b4 Bd6 22. c4 dxc4 23. Bxc4+ Bf7 24. Bb3 Bxb3 25. axb3 Kf7 26. b5 Bc5 27. g4 Ke6 28. Kg2 Kd5 29. Bc3 Bb6 30. h4 Kc5 31. h5 Kxb5 32. h6 gxh6 33. Bxf6 Kb4 34. f4 Kxb3 35. Be7 Kc4 36. f5 Kd5 37. Kf3 Bd4 38. Ke2 c5 39. f6 Ke6 40.
Kd3 a5 41. Kc4 a4 42. Bf8 Kxf6 43. Bxh6 Bb2 44. Kxc5 a3 0-1

[Event "Early-Titled-Tuesday-Blitz-August-29-2023"]
[Site "Chess.com"]
[Date "2023.08.29"]
[Round "3"]
[White "BlueWizzard"]
[Black "jk13"]
[Result "1-0"]
[WhiteElo "2894"]
[BlackElo "2653"]
[TimeControl "180+1"]
[EndTime "8:28:40 PDT"]
[Termination "BlueWizzard won by checkmate"]

1. d4 Nf6 2. Nf3 e6 3. Nbd2 d5 4. c4 Be7 5. g3 O-O 6. Bg2 b6 7. O-O Bb7 8. b3 c5 9. Bb2 dxc4 10. Nxc4 cxd4 11. Qxd4 Qxd4 12. Nxd4 Bxg2 13. Kxg2 Rc8 14. Nb5 Nbd7 15. Rfd1 a6 16. Nbd6 Rc6 17. Ne4 b5 18. Bxf6 Nxf6 19. Ne5 Rc2 20. Ng5 Rxe2 21. Re1 Rc2 22.
Ngxf7 Bc5 23. Rac1 Rxf2+ 24. Kh3 Bf8 25. Ng5 Re8 26. a4 bxa4 27. bxa4 Ra2 28. Rc4 h6 29. Ne4 Nd5 30. Nc6 Kh7 31. Rd4 Rc8 32. Rc4 Nb6 33. Rcc1 Nxa4 34. Nd4 Rxc1 35. Rxc1 e5 36. Ne6 Ba3 37.
Rc7 Kg6 38. g4 h5 39. Rxg7+ Kh6 40. g5# 1-0

[Event "Early-Titled-Tuesday-Blitz-August-29-2023"]
[Site "Chess.com"]
[Date "2023.08.29"]
[Round "3"]
[White "IljaZaragatski"]
[Black "tptagain"]
[Result "1/2-1/2"]
[WhiteElo "2638"]
[BlackElo "2877"]
[TimeControl "180+1"]
[EndTime "8:28:40 PDT"]
[Termination "Game drawn by repetition"]

1. Nf3 d5 2. g3 c6 3. Bg2 Bg4 4. c4 e6 5. Qb3 Qc8 6. O-O Nd7 7. d3 Ngf6 8. Bf4 Be7 9. Nc3 O-O 10. Rac1 Bxf3 11.
Bxf3 d4 12. Na4 e5 13. Bg5 h6 14. Bxf6 Nxf6 15. c5 Re8 16. Qc4 Qh3 17. Bg2 Qh5 18. Qc2 Rad8 19. b4 Nd5 20. Rfe1 Bg5 21. Rb1 a6 22.
Rb3 f5 23. Bxd5+ Rxd5 24. Nb6 Rdd8 25. Nc4 Qh3 26. Nd6 Re7 27. a4 Rf8 28. b5 axb5 29. axb5 h5 30. bxc6 bxc6 31. Reb1 Re6 32. Qc4 f4 33. Rb8 Be7 34. Rxf8+ Bxf8 35. Rb8 Kh7 36.
Rxf8 h4 37. Nf7 Kg6 38. Nh8+ Kh7 39. Nf7 Kg6 40. Nh8+ Kh7 41. Nf7 1/2-1/2

[Event "Early-Titled-Tuesday-Blitz-August-29-2023"]
[Site "Chess.com"]
[Date "2023.08.29"]
[Round "3"]
[White "joppie2"]
[Black "jerry_77"]
[Result "1-0"]
[WhiteElo "2939"]
[BlackElo "2625"]
[TimeControl "180+1"]
[EndTime "8:28:40 PDT"]
[Termination "joppie2 won by resignation"]

1. d4 Nf6 2. Bg5 d5 3. Bxf6 exf6 4. Nf3 c6 5. e3 Bf5 6. c4 Qb6 7. Qd2 Bxb1 8. c5 Qc7 9. Rxb1 Nd7 10. Bd3 Be7 11.
h4 b6 12. b4 a5 13. a3 axb4 14.
axb4 b5 15. h5 O-O 16. Qc2 h6 17. g3 Ra4 18. Kf1 Rfa8 19. Kg2 Nf8 20. Nh4 Ne6 21. Nf5 Bf8 22. Rb2 Ra3 23. Qe2 Ng5 24. Bb1 Qd7 25.
Qg4 Kh8 26. Nxh6 Qxg4 27. Nxg4 Ra1 28. h6 Kg8 29. hxg7 Bxg7 30. Bf5 Rxh1 31. Kxh1 Ne6 32.
Kg2 Kf8 33. f4 Ke7 34. Kf3 Ra4 35. Nf2 Bf8 36. g4 Ng7 37. Bc2 Ra3 38. f5 Ne8 39. Nd3 Bh6 40. Bb3 Nc7 41. Nc1 Na6 42. Ra2 Rxa2 43. Nxa2 Bg5 44. Bc2 Bh6 45. e4 Bd2 46. exd5 cxd5 47. Bb3 Nc7 48. Ke2 Bf4 49. Nc3 Bh2 50.
Nxd5+ Nxd5 51. Bxd5 Bg1 52. Kd3 Kd7 53. Bxf7 Bf2 54. d5 Be1 55. Be6+ Kc7 56. g5 fxg5 57. f6 Bxb4 58. d6+ 1-0

[Event "Early-Titled-Tuesday-Blitz-August-29-2023"]
[Site "Chess.com"]
[Date "2023.08.29"]
[Round "3"]
[White "LileKoridze"]
[Black "HamedWafa4"]
[Result "1-0"]
[WhiteElo "2326"]
[BlackElo "2541"]
[TimeControl "180+1"]
[EndTime "8:28:40 PDT"]
[Termination "LileKoridze won by resignation"]

1. d4 Nf6 2. c4 e6 3. Nf3 Bb4+ 4. Bd2 Bxd2+ 5. Qxd2 O-O 6. Nc3 d6 7. e4 Nc6 8. Bd3 e5 9. d5 Ne7 10. O-O Ng6 11.
b4 Nh5 12. g3 Bh3 13. Rfe1 Bg4 14. Qe3 h6 15. c5 Nf6 16. Rac1 Nh7 17. cxd6 cxd6 18.
h4 Ne7 19. Nb5 a6 20. Nc3 f5 21.
exf5 Nxf5 22. Bxf5 Rxf5 23. Nd2 Qf8 24. Nde4 Nf6 25.
Qb6 Rd8 26. Qxb7 Nxe4 27. Nxe4 Bf3 28. Rc7 Kh8 29. Nd2 Bg4 30. Ne4 Bf3 31. Rc2 Rf7 32.
Qxa6 Bxe4 33. Rxe4 Rf5 34. Rec4 Qf6 35. Rc8 Rxc8 36.
Qxc8+ Kh7 37. Qe6 Qxe6 38. dxe6 Rf6 39. e7 Re6 40. Rc7 d5 41. Rd7 d4 42. b5 Kg6 43. b6 Kf7 44. b7 Rb6 45. Rd8 1-0

[Event "Early-Titled-Tuesday-Blitz-August-29-2023"]
[Site "Chess.com"]
[Date "2023.08.29"]
[Round "3"]
[White "Doomfist26"]
[Black "Caisachess"]
[Result "1-0"]
[WhiteElo "2563"]
[BlackElo "2317"]
[TimeControl "180+1"]
[EndTime "8:28:41 PDT"]
[Termination "Doomfist26 won by resignation"]

1. e4 e5 2. Nf3 Nc6 3. Bc4 Bc5 4. b4 Bxb4 5. c3 Be7 6. d4 Na5 7. Bd3 d6 8. dxe5 dxe5 9. Nxe5 Nf6 10. O-O O-O 11.
Qc2 Bd6 12. Nf3 Nc6 13. Bg5 h6 14. Bh4 Be7 15. Nbd2 Ng4 16. Bg3 Bd6 17. Nc4 Bxg3 18. hxg3 Be6 19. Rad1 Qe7 20. Rfe1 Rad8 21. Ne3 Nxe3 22.
Rxe3 Qc5 23. Rb1 b6 24. Rb5 Qe7 25. e5 Rd5 26. Rb1 Rfd8 27. Be4 Rc5 28. Bxc6 Rxc6 29. Qa4 Rc5 30. Qxa7 Ra5 31. Qxa5 bxa5 32. Nd4 Bd5 33. Rb5 Qa3 34. Nf5 Kf8 35. Rd3 c6 36.
Rb7 Qxa2 37. Nd6 Qb1+ 38. Rxb1 Be4 39. Rdd1 Bxb1 40. Rxb1 Ra8 41. Ra1 Ke7 42. f4 Ke6 43.
Kf2 Kd5 44. Ke3 a4 45. Ra3 Ra7 46. Kd3 f6 47. c4+ Ke6 48. Kd4 fxe5+ 49. fxe5 c5+ 50.
Kxc5 Kxe5 51. Nb5 Ra8 52. Kb4 1-0

[Event "Early-Titled-Tuesday-Blitz-August-29-2023"]
[Site "Chess.com"]
[Date "2023.08.29"]
[Round "3"]
[White "19912131712118"]
[Black "EvgenyBurmakin"]
[Result "1-0"]
[WhiteElo "2445"]
[BlackElo "2258"]
[TimeControl "180+1"]
[EndTime "8:28:41 PDT"]
[Termination "19912131712118 won on time"]

1. e4 c5 2. Nf3 d6 3. d4 cxd4 4. Nxd4 Nf6 5. Nc3 a6 6. Bg5 e6 7. f4 Be7 8. Qf3 Qc7 9. O-O-O Nbd7 10. Bd3 h6 11. Bh4 g5 12. fxg5 Ne5 13. Qe2 Nh7 14. Rhf1 hxg5 15. Bg3 Nf6 16. h3 g4 17. hxg4 Nfxg4 18. Kb1 Bd7 19. Nf3 Nxd3 20. cxd3 O-O-O 21. Rc1 Bc6 22. d4 Kb8 23. d5 exd5 24. exd5 Bd7 25. Nd4 Bg5 26. Ne4 Bxc1 27. Bxd6 Bg5 28. Bxc7+ Kxc7 29. Rc1+ Kb8 30. Nc5 Bxc1 31. Nxd7+ Rxd7 32. Qxg4 Rxd5 33. Kxc1 Rhd8 34. Nb3 f5 35. Qf4+ Ka8 36. a3 Rd3 37.
Kc2 R3d5 38. Nc1 Rc8+ 39. Kb3 Rd1 40. Ne2 Rd3+ 41. Nc3 Rc5 42. g4 1-0

[Event "Early-Titled-Tuesday-Blitz-August-29-2023"]
[Site "Chess.com"]
[Date "2023.08.29"]
[Round "3"]
[White "GMG"]
[Black "Fan_Of_Chucky"]
[Result "1-0"]
[WhiteElo "2717"]
[BlackElo "2479"]
[TimeControl "180+1"]
[EndTime "8:28:42 PDT"]
[Termination "GMG won by checkmate"]

1. d4 Nf6 2. c4 c5 3. Nf3 cxd4 4. Nxd4 e5 5. Nb5 d5 6. cxd5 Bc5 7. N5c3 O-O 8. h3 Qb6 9. e3 Rd8 10. g4 Bb4 11. Bg2 e4 12. O-O Na6 13. g5 Nd7 14. Nxe4 Nac5 15. Ng3 Qg6 16. a3 Ba5 17. b4 Bc7 18.
bxc5 Nxc5 19. f4 h6 20. h4 hxg5 21. hxg5 f6 22. Qh5 Qxh5 23. Nxh5 Bg4 24. Ng3 fxg5 25. Nc3 gxf4 26. exf4 Nb3 27. Rb1 Nxc1 28. Rbxc1 g5 29.
Nce2 Bb6+ 30. Kh2 Kg7 31. Ne4 Rh8+ 32. Kg3 Bxe2 33. Nxg5 Bxf1 34. Rxf1 Rac8 35. Rf3 Rc2 36. Bh3 Kf6 37. Ne4+ Kg6 38. d6 Rg8 39. Be6 Re8 40. f5+ Kg7 41. Kf4 Rc1 42. Rg3+ Kf8 43. Rg8# 1-0

[Event "Early-Titled-Tuesday-Blitz-August-29-2023"]
[Site "Chess.com"]
[Date "2023.08.29"]
[Round "3"]
[White "masenik"]
[Black "Mikhail_Golubev"]
[Result "1-0"]
[WhiteElo "2413"]
[BlackElo "2588"]
[TimeControl "180+1"]
[EndTime "8:28:42 PDT"]
[Termination "masenik won on time"]

1. e4 c5 2. Nf3 g6 3. d4 cxd4 4. Nxd4 Nf6 5. Nc3 d6 6. Be3 Bg7 7. f3 a6 8. Qd2 h5 9. O-O-O Nbd7 10. Kb1 b5 11. Be2 Bb7 12. a3 Rc8 13. Rhe1 Nb6 14. e5 dxe5 15. Ne6 fxe6 16. Qxd8+ Rxd8 17. Bxb6 Rxd1+ 18. Bxd1 Nd5 19. Nxd5 exd5 20. Bc7 e4 21. fxe4 dxe4 22. c4 Kd7 23. Bf4 bxc4 24. Ba4+ Ke6 25. Rd1 e3 26. Bxe3 Bxg2 27. Bc5 Be4+ 28. Ka2 Rc8 29. Bb4 Bd3 30. Re1+ Kf7 31. Rxe7+ Kg8 32. Rd7 1-0

[Event "Early-Titled-Tuesday-Blitz-August-29-2023"]
[Site "Chess.com"]
[Date "2023.08.29"]
[Round "3"]
[White "underthebridge1999"]
[Black "vladgoncharov"]
[Result "0-1"]
[WhiteElo "2314"]
[BlackElo "2565"]
[TimeControl "180+1"]
[EndTime "8:28:42 PDT"]
[Termination "vladgoncharov won by checkmate"]

1. e4 e6 2. d4 d5 3. Nd2 Be7 4. c4 dxe4 5. Nxe4 Nf6 6. Ng3 c5 7. Nf3 Nc6 8. Ne2 O-O 9. g3 cxd4 10. Nexd4 Nxd4 11. Qxd4 Bb4+ 12. Bd2 Qa5 13. a3 Bxd2+ 14.
Qxd2 Qc7 15. Be2 b6 16. O-O Bb7 17. Rac1 Rad8 18. Qe3 Ng4 19. Qg5 f5 20. h3 Ne5 21.
Qe3 Bxf3 22. Bxf3 Rd3 23. Qe2 Nxf3+ 24. Kg2 Rfd8 25. Rfd1 Rxd1 26. Rxd1 Rxd1 27. Qxd1 Ne5 28. Qe2 Qc6+ 29. Kg1 Nxc4 30. Qc2 Ne5 31. Qe2 Nf3+ 32. Kf1 Nd4 33. Qd3 Qh1# 0-1

[Event "Early-Titled-Tuesday-Blitz-August-29-2023"]
[Site "Chess.com"]
[Date "2023.08.29"]
[Round "3"]
[White "AlexNovitz"]
[Black "brm72"]
[Result "0-1"]
[WhiteElo "2229"]
[BlackElo "2541"]
[TimeControl "180+1"]
[EndTime "8:28:42 PDT"]
[Termination "brm72 won on time"]

1. e4 c5 2. Nf3 Nc6 3. d4 cxd4 4. Nxd4 Nf6 5. Nc3 e6 6. Nxc6 bxc6 7. Bd3 d5 8. O-O Be7 9. Kh1 O-O 10. e5 Nd7 11. f4 c5 12. b3 Bb7 13. Bb2 f5 14. exf6 Bxf6 15. Na4 Bxb2 16. Nxb2 Qf6 17. Na4 Qh4 18. Qe2 Rf6 19. Kg1 Raf8 20. g3 Qh3 21. c4 Kh8 22. Rae1 g6 23. Nc3 h5 24. cxd5 exd5 25. Ba6 Ba8 26. Bb5 Nb6 27. Qe5 Kh7 28. Qc7+ R8f7 29. Re7 Kg7 30. Qe5 h4 31. Be8 Kf8 32.
Rxf7+ Rxf7 33. Bxf7 Kxf7 34. Re1 Qd7 35. Qg5 d4 36. Ne4 Bxe4 37. Rxe4 d3 38. gxh4 d2 0-1